 Dungeon Crawl Stone Soup version 0.28.0-53-g5a82cb258f (webtiles) character file.

Game seed: 15770530546400268413

748 mortz the Conjurer (level 7, -8/36 HPs)
             Began as a Deep Elf Conjurer on July 4, 2022.
             Mangled by a yak (16 damage)
             ... on level 5 of the Dungeon.
             The game lasted 00:23:24 (5485 turns).

mortz the Conjurer (Deep Elf Conjurer)              Turns: 5485, Time: 00:23:25

Health: -8/36      AC:  4    Str:  6    XL:     7   Next: 48%
Magic:  11/18      EV: 12    Int: 23    God:
Gold:   207        SH:  0    Dex: 13    Spells: 12/19 levels left

rFire   . . .      SeeInvis .   A - +3 spear (protect)
rCold   . . .      Faith    .   (no shield)
rNeg    . . .      Spirit   .   d - +0 leather armour
rPois   .          Reflect  .   (no helmet)
rElec   .          Harm     .   n - +0 cloak
rCorr   .          Rampage  .   (no gloves)
Will    .....                   (no boots)
Stlth   ++........              (no amulet)
HPRegen 0.12/turn               (no ring)
MPRegen 0.16/turn               (no ring)

@: no status effects
A: no striking features
a: no special abilities


You were on level 5 of the Dungeon.
You visited 1 branch of the dungeon, and saw 5 of its levels.

You collected 207 gold pieces.

Inventory:

Hand Weapons
 e - a +0 mace
 h - a +2 dagger of protection
 l - a +0 morningstar
 t - a +0 short sword of speed
 w - a +0 trident
 z - a +0 hand axe
 A - a +3 spear of protection (weapon)
Missiles
 j - 9 poisoned darts
Armour
 a - a +0 robe
 d - a +0 leather armour (worn)
 n - a +0 cloak (worn)
Jewellery
 s - a ring of fire
Wands
 u - a wand of iceblast (5)
Scrolls
 f - 2 scrolls of brand weapon
 o - a scroll of amnesia
 p - a scroll of magic mapping {unknown}
 q - a scroll of immolation {unknown}
 r - a scroll of enchant armour {unknown}
 x - a scroll of teleportation {unknown}
 y - a scroll of noise {unknown}
Potions
 b - 2 potions of haste
 c - 2 potions of might
 g - a potion of lignification {unknown}
 i - 2 potions of resistance {unknown}
 k - a potion of curing {unknown}
 m - 2 potions of heal wounds {unknown}
 v - a potion of degeneration {unknown}


   Skills:
 - Level 0.1 Fighting
 + Level 0.2 Polearms
 + Level 2.6 Armour
 + Level 3.2 Dodging
 + Level 3.9 Stealth
 + Level 6.5 Spellcasting
 + Level 6.7 Conjurations
 * Level 2.3 Translocations


You had 12 spell levels left.
You knew the following spells:

 Your Spells              Type           Power      Damage    Failure   Level
a - Magic Dart            Conj           100%       1d8       1%          1
b - Searing Ray           Conj           76%        2d7       1%          2
c - Iskenderun's Mystic   Conj/Tloc      28%        2d7       19%         4

Your spell library contained the following spells:

 Spells                   Type           Power      Damage    Failure   Level
 Dazzling Flash           Conj/Hex       44%        N/A       10%         3
 Pain                     Necr           28%        1d5       12%         1
 Fulminant Prism          Conj/Hex       11%        3d9       30%         4
 Agony                    Necr           7%         N/A       98%         5
 Excruciating Wounds      Necr           3%         N/A       98%         5


Dungeon Overview and Level Annotations

Branches:
Dungeon (5/15)             Temple (0/1) D:5

Altars:

Shops:
D:4 :


Message History

The yak is moderately wounded.
The searing ray hits the yak.
The yak is heavily wounded.
The searing ray hits the yak but does no damage.
The yak is moderately wounded.
The searing ray hits the yak.
The yak is lightly wounded.
You finish channelling your searing ray.
The yak gores you.
Casting: Searing Ray (safe; 1% risk of failure)
Confirm with . or Enter, or press ? or * to list all spells.
Aiming: Searing Ray (safe; 1% risk of failure)
Press: ? - help, Shift-Dir - straight line, f - yak
Aim: a yak (heavily wounded, 88% to hit)
The searing ray hits the yak.
The yak is heavily wounded.
The searing ray hits the yak.
The yak is heavily wounded.
The searing ray hits the yak!
The yak is moderately wounded. (Press . to maintain the ray.)
The yak gores you.
The searing ray hits the yak.
The yak is heavily wounded.
The searing ray hits the yak.
The yak is severely wounded.
The searing ray hits the yak.
The yak is heavily wounded.
The yak gores you but does no damage.
The searing ray hits the yak!
The yak is almost dead.
The searing ray hits the yak!
The yak is almost dead.
The searing ray hits the yak.
The yak is heavily wounded.
The yak gores you!
* * * LOW HITPOINT WARNING * * *
There is a stone staircase leading up here.
The yak gores you!
You die...

#############
............#
######........#
#####
...†.'Y.......#
#...#
....##.Y.Y..Y.#
#...# ...
+.......#.# #...##
..
###.#.#.#Y###....###
.
#.......#..Y@......#
#.#.#.#.Y#####.....#
#.#.#.....# #.#...#
..#...#...# #.#...#
####...#...# #.# ..#
#...#...# #.# ..#
.... #...#.#.## #.#
.# .... ##.###.#..#
#.# ## .... .#.#
#.#..###.#


You could see 3 yaks.

Vanquished Creatures
  A yak (D:5)
  Sigmund (D:3)
  A black bear (D:4)
  A scorpion (D:5)
  A howler monkey (D:5)
  A hound (D:4)
  Jessica (D:3)
  Terence (D:3)
  Ijyb (D:3)
  An orc wizard (D:3)
  4 gnolls (D:5)
  An adder (D:4)
  5 dart slugs
  6 orcs
  5 ball pythons
  2 endoplasms
  5 giant cockroaches
  8 hobgoblins
  4 jackals (D:3)
  8 kobolds
  5 quokkas
  A bat (D:3)
  3 frilled lizards
  3 rats
70 creatures vanquished.

Vanquished Creatures (others)
  4 fungi (D:3)
  5 plants (D:3)
9 creatures vanquished.

Grand Total: 79 creatures vanquished

Notes
Turn   | Place    | Note
-------+----------+-------------------------------------------
     0 | D:1      | mortz the Deep Elf Conjurer began the quest for the Orb.
     0 | D:1      | Reached XP level 1. HP: 10/10 MP: 6/6
   403 | D:1      | Reached XP level 2. HP: 15/15 MP: 5/8
  1560 | D:2      | Learned a level 2 spell: Searing Ray
  1931 | D:2      | Reached XP level 3. HP: 19/19 MP: 4/9
  2328 | D:2      | Reached skill level 5 in Conjurations
  2529 | D:3      | Reached XP level 4. HP: 24/24 MP: 5/11
  2795 | D:3      | Found a faded altar of an unknown god.
  2886 | D:3      | Noticed Terence
  3059 | D:3      | Noticed Jessica
  3096 | D:3      | Noticed Sigmund
  3221 | D:3      | Killed Sigmund
  3222 | D:3      | Reached skill level 1 in Armour
  3222 | D:3      | Reached skill level 5 in Spellcasting
  3222 | D:3      | Reached XP level 5. HP: 18/28 MP: 5/14
  3490 | D:3      | Killed Jessica
  3491 | D:3      | Reached XP level 6. HP: 32/32 MP: 11/15
  3538 | D:3      | Killed Terence
  3741 | D:3      | Noticed Ijyb
  3747 | D:3      | Killed Ijyb
  3984 | D:3      | Learned a level 4 spell: Iskenderun's Mystic Blast
  4401 | D:4      | Found Bimneg's Self-Improvement Boutique.
  4674 | D:5      | Entered Level 5 of the Dungeon
  4685 | D:5      | Reached skill level 1 in Translocations
  4799 | D:5      | Noticed a yak
  4810 | D:5      | Killed a yak
  4811 | D:5      | Reached XP level 7. HP: 9/36 MP: 8/18
  5039 | D:5      | Found a staircase to the Ecumenical Temple.
  5391 | D:5      | Noticed a yak
  5463 | D:5      | Noticed a yak
  5463 | D:5      | Noticed a yak
  5463 | D:5      | Noticed a yak
  5464 | D:5      | Noticed a yak
  5485 | D:5      | Mangled by a yak

Illustrated notes

Levels and vault maps discovered:
D:1:      dpeg_arrival_water_temple_mockup, layout_basic, minmay_3d_cube
D:2:      layout_loops_ring
D:3:      layout_rooms, serial_curves, eino_curves_01, eino_curves_01,
          shapermc_ecumenical_altar_mp_urbaneastern, uniq_sigmund, uniq_ijyb,
          uniq_terence, uniq_jessica
D:4:      layout_loops_cross, nicolae_shop_self_help
D:5:      minmay_octagon_keep, layout_basic, minmay_temple_entry_mini_moons,
          guppyfry_early_lair_pool

Skill      XL: |  1  2  3  4  5  6  7 |
---------------+----------------------+-----
Conjurations   | 5 6 |  6.7
Stealth        | 3 |  3.9
Dodging        | 3 |  3.2
Spellcasting   | 5 6 |  6.5
Armour         | 1 2 |  2.6
Translocations | 1 2 |  2.3
Fighting       | |  0.1
Polearms       | |  0.2

Action                   |  1- 3 |  4- 6 |  7- 9 || total
-------------------------+-------+-------+-------++-------
Melee: Dagger            |     2 |       |       ||     2
       Spear             |       |     4 |     4 ||     8
 Cast: Magic Dart        |    41 |    38 |     2 ||    81
       Searing Ray       |    12 |    27 |     4 ||    43
  Use: Scroll            |     2 |     3 |       ||     5
Armor: Leather armour    |     6 |     6 |    12 ||    24
Dodge: Dodged            |     8 |    12 |    12 ||    32
